 Dungeon Crawl Stone Soup version 0.25-a0-663-gace7076 (webtiles) character file.

Game seed: 18383955425703466245, levelgen mode: deterministic

16571 BlueFish the Demolition Demonspawn (level 12, 0/91 HPs)
             Began as a Demonspawn Gladiator on Mar 24, 2020.
             Was an Elder of Makhleb.
             Splashed by an oklob plant's acid (11 damage)
             ... on level 1 of the Lair of Beasts.
             The game lasted 00:41:37 (12287 turns).

BlueFish the Demolition Demonspawn (DsGl)          Turns: 12287, Time: 00:41:37

Health: 0/91       AC:  7    Str: 19    XL:     12   Next: 11%
Magic:  21/21      EV: 17    Int: 12    God:    Makhleb [****..]
Gold:   528        SH:  8    Dex: 19    Spells: 11/11 levels left

rFire    + + .     SeeInvis .   A - +2 long sword (drain)
rCold    + + .     Gourm    .   z - +2 buckler {rC+}
rNeg     + . .     Faith    .   B - +0 steam dragon scales
rPois    .         Spirit   .   Q - +0 helmet of Disguise {rF+ Int+3 Dex+3}
rElec    .         Reflect  .   m - +0 cloak
rCorr    .         Harm     .   (no gloves)
MR       .....                  (boots unavailable)
Stlth    +++.......             g - amulet of regeneration
HPRegen  0.65/turn              p - ring of protection from fire
MPRegen  0.17/turn              o - ring of positive energy

@: corroded
A: talons 3, slimy green scales 2, cold resistance 1, demonic guardian 1
a: Minor Destruction, Lesser Servant of Makhleb, Major Destruction, Renounce
Religion


You were on level 1 of the Lair of Beasts.
You worshipped Makhleb.
Makhleb was greatly pleased with you.
You were hungry.

You visited 3 branches of the dungeon, and saw 13 of its levels.

You collected 746 gold pieces.
You spent 218 gold pieces at shops.

Inventory:

Hand Weapons
 l - a +1 long sword
 A - a +2 long sword of draining (weapon)
 P - a +0 short sword of draining
 R - a cursed +0 great sword
Missiles
 d - 3 throwing nets (quivered)
Armour
 c - a +1 helmet
 m - a +0 cloak (worn)
 z - a +2 buckler of cold resistance (worn)
 B - +0 steam dragon scales (worn)
 Q - the +0 helmet of Disguise (worn) {rF+ Int+3 Dex+3}
   (You bought it in a shop on level 11 of the Dungeon)

   It affects your intelligence (+3).
   It affects your dexterity (+3).
   It protects you from fire.
Jewellery
 g - an amulet of regeneration (around neck)
 o - a ring of positive energy (right hand)
 p - a ring of protection from fire (left hand)
 s - a +4 amulet of reflection {unknown}
 v - a +1 ring of protection
 C - a +2 ring of protection
 F - an uncursed ring of fire {unknown}
 I - the ring "Rasam" {+Fly rC+, unknown}
   (You found it on level 9 of the Dungeon)

   [ring of flight]

   It protects you from cold.
   It lets you fly.
 J - an uncursed amulet of harm
 M - an uncursed ring of see invisible {unknown}
Wands
 t - a wand of polymorph (6)
 x - a wand of enslavement (8)
 y - a wand of disintegration (13)
 E - a wand of acid (8)
 H - a wand of digging (6)
 O - a wand of iceblast (10)
Scrolls
 e - 3 scrolls of amnesia
 u - 3 scrolls of teleportation
 w - a scroll of summoning
 G - 4 scrolls of identify
 K - 6 scrolls of remove curse
 L - a scroll of blinking
 N - 2 scrolls of enchant armour
 T - a scroll of torment {unknown}
Potions
 a - a potion of haste {unknown}
 b - 2 potions of resistance
 h - 3 potions of curing
 i - 3 potions of mutation
 j - 6 potions of might
 k - 4 potions of stabbing
 n - a potion of lignification
 q - a potion of magic
 r - 2 potions of flight
 D - a potion of invisibility {unknown}
Comestibles
 f - 36 rations
 S - a chunk of flesh


   Skills:
 + Level 7.1 Fighting
 + Level 10.4 Long Blades
 + Level 2.0 Throwing
 + Level 5.6 Armour
 + Level 6.7 Dodging
 + Level 4.0 Stealth
 + Level 4.0 Shields
 * Level 13.0 Invocations


You had 11 spell levels left.
You didn't know any spells.
Your spell library contained the following spells:

 Spells                   Type           Power        Failure   Level  Hunger
 Magic Dart               Conj           #...         32%         1    ##.....
 Blink                    Tloc           N/A          45%         2    ###....
 Call Imp                 Summ           #.......     45%         2    ###....
 Slow                     Hex            #.......     45%         2    ###....
 Conjure Flame            Conj/Fire      #.......     69%         3    ####...
 Mephitic Cloud           Conj/Pois/Air  #.......     69%         3    ####...
 Bolt of Magma            Conj/Fire/Erth #.........   100%        5    ######.
 Iskenderun's Battlesphe  Conj/Chrm      #.......     100%        5    ######.
 Iron Shot                Conj/Erth      #.........   100%        6    #######
 Orb of Destruction       Conj           #.........   100%        7    #######
 Spellforged Servitor     Conj/Summ      #.........   100%        7    #######


Dungeon Overview and Level Annotations

Branches:
Dungeon (11/15)            Temple (1/1) D:5            Lair (1/6) D:10
    Orc: D:9-12

Altars:
Ashenzari
Cheibriados
Dithmenos
Elyvilon
Fedhas
Gozag
Hepliaklqana
Kikubaaqudgha
Makhleb
Nemelex Xobeh
Okawaru
Qazlal
Ru
Sif Muna
Trog
Uskayaw
Vehumet
Wu Jian
Xom
Yredelemnul
Zin
The Shining One

Shops:
D:6 [   D:10 ?:   D:11 [

Annotations:
Lair:1 1 runed translucent door, exclusion: oklob plant, Ruxoghamn's ghost, journeyman HaHu


Innate Abilities, Weirdness & Mutations

You have claws for feet.
You are mostly covered in slimy green scales. (AC +3)
Your flesh is cold resistant. (rC+)
A weak demonic guardian rushes to your aid.


Message History

The puff of flame hits the oklob plant.
The oklob plant is almost destroyed.
Press: ? - help, Shift-Dir - straight line, f/p - oklob plant
Aim: an oklob plant (almost destroyed)
The oklob plant is unaffected.
Press: ? - help, Shift-Dir - straight line, f/p - oklob plant
Aim: an oklob plant (almost destroyed)
The oklob plant is unaffected.
The oklob plant spits acid at you. The splash of acid hits you!
You are splashed with acid!
* * * LOW HITPOINT WARNING * * *
Press: ? - help, Shift-Dir - straight line, f/p - oklob plant
Aim: an oklob plant (almost destroyed)
The stone arrow hits the oklob plant.
The oklob plant is almost destroyed.
The oklob plant spits acid at you. The splash of acid hits you!
* * * LOW HITPOINT WARNING * * *
You are splashed with acid!
You die...

..##................##...#.
. #................##.....
##.#...##P.......##...#.
####...#####.....###.###
#P##...#####.....#.#.###
..........##............
.≈≈..≈≈.......##P.......
......≈†................
.......@................
#PPP..#.................
#.P.% #...###.###.......
#.}( #(..# ### #....... #..
##### #######. #. # #


You could see an oklob plant.

Vanquished Creatures
  A catoblepas (D:11)
  Erolcha (D:11)
  3 two-headed ogres
  Sonja (D:10)
  An ugly thing (D:11)
  Maurice (D:9)
  Joseph (D:7)
  A gargoyle (D:11)
  Maggie (D:7)
  A komodo dragon (Lair:1)
  A queen bee (D:10)
  A blink frog (Lair:1)
  2 hippogriffs
  A shadow (D:11)
  7 yaks
  Eustachio (D:6)
  2 hungry ghosts
  Grum (D:10)
  2 wargs (D:10)
  A water moccasin (Lair:1)
  4 porcupines (Lair:1)
  5 orc warriors
  A black bear (D:6)
  2 phantoms
  A sky beast (D:9)
  A wolf (D:9)
  4 centaurs (D:5)
  2 ogres
  A crocodile (D:8)
  A big kobold (D:11)
  Blork the orc (D:5)
  A gnoll sergeant (D:10)
  A wyvern zombie (D:9)
  10 bullfrogs
  3 scorpions
  33 killer bees
  7 jellies
  9 wights
  A centaur zombie (D:5)
  An electric eel (D:10)
  2 howler monkeys (D:6)
  3 crimson imps (D:8)
  4 hounds
  6 orc priests
  A centaur skeleton (D:10)
  2 iguanas
  6 orc wizards
  4 worker ants
  2 killer bee zombies
  2 hound skeletons
  12 gnolls
  10 adders
  2 shadow imps
  5 oozes (D:8)
  2 adder skeletons
  2 worms
  A dart slug (D:1)
  3 leopard geckos
  29 orcs
  8 bats
  6 giant cockroaches
  12 goblins
  5 hobgoblins
  11 jackals
  13 kobolds
  2 quokkas
  3 ball pythons
  A ball python skeleton (D:4)
  7 frilled lizards
  A jackal skeleton (D:5)
  A leopard gecko skeleton (D:4)
  A leopard gecko zombie (D:6)
  11 rats
  2 plants (Lair:1)
302 creatures vanquished.

Vanquished Creatures (collateral kills)
  2 two-headed ogres
  An oklob plant (Lair:1)
  A troll (D:10)
  Grinder (D:6)
  A steam dragon (D:10)
  A warg (D:10)
  A wolf (D:10)
  2 centaurs (D:5)
  A wight (D:9)
  2 killer bees (D:10)
  A crimson imp (D:10)
  A bullfrog skeleton (D:5)
  3 orcs (D:11)
18 creatures vanquished.

Grand Total: 320 creatures vanquished

Notes
Turn   | Place    | Note
-------+----------+-------------------------------------------
     0 | D:1      | BlueFish the Demonspawn Gladiator began the quest for the
                  | Orb.
     0 | D:1      | Reached XP level 1. HP: 16/16 MP: 1/1
   140 | D:1      | Gained mutation: You are partially covered in slimy green
                  | scales. (AC +2) [demonic ancestry]
   140 | D:1      | Reached XP level 2. HP: 11/22 MP: 2/2
   940 | D:1      | Reached XP level 3. HP: 27/27 MP: 3/3
  1734 | D:2      | Reached skill level 1 in Armour
  1734 | D:2      | Gained mutation: You are mostly covered in slimy green
                  | scales. (AC +3) [demonic ancestry]
  1734 | D:2      | Reached XP level 4. HP: 26/34 MP: 4/4
  2385 | D:3      | Gained mutation: Your flesh is cold resistant. (rC+)
                  | [demonic ancestry]
  2385 | D:3      | Reached XP level 5. HP: 39/39 MP: 5/5
  3234 | D:4      | Found a shimmering blue altar of Sif Muna.
  3685 | D:5      | Entered Level 5 of the Dungeon
  3730 | D:5      | Found a sacrificial altar of Ru.
  3738 | D:5      | Noticed Blork the orc
  3754 | D:5      | Killed Blork the orc
  3754 | D:5      | Gained mutation: A weak demonic guardian rushes to your
                  | aid. [demonic ancestry]
  3754 | D:5      | Reached XP level 6. HP: 36/47 MP: 6/6
  3803 | D:5      | Upgraded the game from 0.25-a0-661-g55ea3d2 to
                  | 0.25-a0-663-gace7076
  3816 | D:5      | Reached skill level 5 in Long Blades
  3965 | D:5      | Reached XP level 7. HP: 25/52 MP: 7/7
  4266 | D:5      | Found a staircase to the Ecumenical Temple.
  4281 | Temple   | Entered the Ecumenical Temple
  4373 | Temple   | Became a worshipper of Makhleb the Destroyer
  4723 | D:5      | Reached skill level 1 in Invocations
  4805 | D:5      | Noticed a two-headed ogre
  4823 | D:5      | Reached skill level 2 in Invocations
  5165 | D:5      | HP: 2/54 [two-headed ogre/+0 giant club (30)]
  6269 | D:5      | Killed a two-headed ogre
  6269 | D:5      | Reached skill level 1 in Stealth
  6269 | D:5      | Reached skill level 4 in Invocations
  6269 | D:5      | Gained mutation: You have sharp toenails. [demonic
                  | ancestry]
  6269 | D:5      | Reached XP level 8. HP: 31/61 MP: 9/11
  6514 | D:6      | Noticed a hippogriff
  6523 | D:6      | Killed a hippogriff
  6581 | D:6      | Reached skill level 5 in Fighting
  6581 | D:6      | Reached skill level 5 in Armour
  6581 | D:6      | Reached skill level 5 in Invocations
  6581 | D:6      | Gained mutation: You have razor-sharp toenails. [demonic
                  | ancestry]
  6581 | D:6      | Reached XP level 9. HP: 68/68 MP: 12/12
  6674 | D:6      | Reached * piety under Makhleb
  6794 | D:6      | Noticed Eustachio
  6931 | D:6      | Noticed Grinder
  6940 | D:6      | Paralysed by Grinder for 2 turns
  6946 | D:6      | Killed Grinder
  6966 | D:6      | Killed Eustachio
  7053 | D:6      | Found Alyt's Armour Boutique.
  7192 | D:7      | Found a sparkling altar of Nemelex Xobeh.
  7314 | D:7      | Noticed Maggie
  7336 | D:7      | Killed Maggie
  7336 | D:7      | Reached skill level 6 in Invocations
  7359 | D:7      | Noticed Joseph
  7376 | D:7      | Killed Joseph
  7376 | D:7      | Reached skill level 1 in Shields
  7613 | D:8      | Found a sacrificial altar of Ru.
  7618 | D:8      | Noticed a two-headed ogre
  7626 | D:8      | Killed a two-headed ogre
  7626 | D:8      | Reached skill level 7 in Invocations
  7634 | D:8      | Reached XP level 10. HP: 67/76 MP: 15/15
  7728 | D:8      | Found an ornate altar of the Wu Jian Council.
  7835 | D:8      | Noticed a two-headed ogre
  7842 | D:8      | Killed a two-headed ogre
  8093 | D:8      | Reached skill level 5 in Dodging
  8459 | D:8      | Reached ** piety under Makhleb
  8661 | D:9      | Found a white marble altar of Elyvilon.
  8679 | D:9      | Found a hazy altar of Hepliaklqana.
  8697 | D:9      | Reached skill level 8 in Invocations
  9173 | D:9      | Got a twitching wooden ring
  9323 | D:10     | Entered Level 10 of the Dungeon
  9366 | D:10     | Noticed Maurice
  9367 | D:10     | Noticed Grum
  9407 | D:9      | Killed Maurice
  9547 | D:10     | Killed Grum
  9560 | D:10     | Noticed a two-headed ogre
  9573 | D:10     | Killed a two-headed ogre
  9573 | D:10     | Reached *** piety under Makhleb
  9573 | D:10     | Reached skill level 9 in Invocations
  9573 | D:10     | Reached XP level 11. HP: 37/83 MP: 17/17
  9875 | D:10     | Found a staircase to the Lair.
  9976 | D:10     | Noticed Sonja
 10231 | D:10     | Found Ruthroyw's Magic Scroll Boutique.
 10260 | D:10     | Reached skill level 10 in Long Blades
 10274 | D:10     | Killed Sonja
 10313 | D:10     | Reached skill level 10 in Invocations
 10460 | D:10     | Reached **** piety under Makhleb
 10640 | D:10     | Found Wousufreota's Book Shop.
 10863 | D:11     | Noticed a brown ugly thing
 10876 | D:11     | Killed a brown ugly thing
 11113 | D:11     | Reached skill level 11 in Invocations
 11127 | D:11     | Noticed a two-headed ogre
 11133 | D:11     | Killed a two-headed ogre
 11329 | D:11     | Noticed a catoblepas
 11476 | D:11     | Killed a catoblepas
 11476 | D:11     | Reached skill level 12 in Invocations
 11556 | D:11     | Noticed Erolcha
 11574 | D:11     | Killed Erolcha
 11795 | D:11     | Found Fimoq's Antique Armour Boutique.
 11798 | D:11     | Bought a polished helmet for 218 gold pieces
 11808 | D:11     | Identified the +0 helmet of Disguise {rF+ Int+3 Dex+3} (You
                  | bought it in a shop on level 11 of the Dungeon)
 11960 | Lair:1   | Entered Level 1 of the Lair of Beasts
 11998 | Lair:1   | Found a runed translucent door.
 12030 | Lair:1   | Gained mutation: You have claws for feet. [demonic
                  | ancestry]
 12030 | Lair:1   | Reached XP level 12. HP: 91/91 MP: 21/21
 12106 | Lair:1   | Noticed Ruxoghamn's ghost (journeyman HaHu)
 12275 | Lair:1   | Reached skill level 13 in Invocations
 12287 | Lair:1   | Splashed by an oklob plant's acid

Levels and vault maps discovered:
D:1:      eino_arrival_cavern_b, layout_basic, serial_bayou_pond_b
D:2:      layout_rooms, minmay_pentomino_pile
D:3:      layout_loops_ring
D:4:      layout_basic, marbit_many_paths, first_ration
D:5:      minmay_clustersquares, layout_loops_ring, kennysheep_little_box,
          minmay_temple_entry_butterflies, uniq_blork_the_orc
D:6:      layout_basic, serial_shops, shop, uniq_eustachio, uniq_grinder
D:7:      layout_basic, nemelex_altar_shiori, uniq_joseph, uniq_maggie
D:8:      layout_basic, kennysheep_mini_moat, hangedman_little_slice_of_home,
          st_stairs_1, nicolae_ru_sacrificial_ziggurat
D:9:      layout_basic, elyvilon_altar_5, lemuel_crystal_altar,
          grunt_ministairs_12, minmay_misc_feat_alley, grunt_decor_mini_mirrors
D:10:     layout_basic, erik_lair_orcish_takeover, serial_shops, shop,
          nicolae_shop_temple_entry_statues_fountains, special_room
          [special_room_bee], kennysheep_path_1, uniq_grum, uniq_sonja,
          uniq_maurice
D:11:     layout_irregular_city, serial_shops, nicolae_shop_behind_doors,
          kennysheep_just_a_vault, uniq_erolcha
Temple:   regret_index_temple_sphere_string
Lair:1:   layout_gridlike, ebering_ghost_inner_flame, grunt_forest_stairs_basic,
          minmay_lair_oklob_chamber

Skill      XL: |  1  2  3  4  5  6  7  8  9 10 11 12 |
---------------+-------------------------------------+-----
Throwing       | 2 |  2.0
Long Blades    | 3 4 5 6 7 8 9 10 | 10.4
Dodging        | 3 4 5 6 |  6.7
Armour         | 1 2 4 5 |  5.6
Fighting       | 3 4 5 6 7 |  7.1
Invocations    | 4 5 7 9 12 13 | 13.0
Stealth        | 1 2 3 4 |  4.0
Shields        | 1 2 4 |  4.0

Action                   |  1- 3 |  4- 6 |  7- 9 | 10-12 || total
-------------------------+-------+-------+-------+-------++-------
Melee: Long sword        |   111 |   156 |   285 |   524 ||  1076
       Kick              |       |       |    75 |   187 ||   262
Invok: Minor Destruction |       |       |       |   123 ||   123
       Major Destruction |       |       |       |     4 ||     4
       Lesser Servant of |       |       |       |     1 ||     1
  Use: Scroll            |     6 |     7 |     4 |     5 ||    22
       Potion            |       |       |     1 |     1 ||     2
 Stab: Sleeping          |     1 |       |       |    12 ||    13
       Distracted        |       |       |     4 |     1 ||     5
  Eat: Chunk             |     3 |     7 |     9 |    18 ||    37
       Ration            |       |       |     1 |       ||     1
Armor: Leather armour    |    23 |       |       |       ||    23
       Ring mail         |    30 |       |    58 |       ||    88
       Scale mail        |    14 |    53 |       |       ||    67
       Chain mail        |       |    29 |    48 |       ||    77
       Steam dragon scal |       |       |     4 |   134 ||   138
Dodge: Dodged            |   103 |    74 |   177 |   361 ||   715
Block: Buckler           |       |       |    22 |   179 ||   201
       Rpst.: Long sword |    33 |    25 |    51 |    88 ||   197

Table legend:
 A = Non-vault XP
 B = Vault XP
 C = Vault XP percentage of total XP
 D = Non-vault monster count
 E = Vault monster count
 F = Vault count percentage of total count
                 A         B        C        D         E       F
            +---------+---------+-------+---------+---------+-------
      Total |   14160 |    9514 |  40.2 |     245 |      73 |  23.0
            +---------+---------+-------+---------+---------+-------
        D:1 |      49 |       2 |   3.9 |      29 |       2 |   6.5
        D:2 |      60 |       6 |   9.1 |      23 |       4 |  14.8
        D:3 |     104 |       0 |   0.0 |      16 |       0 |   0.0
        D:4 |     116 |       0 |   0.0 |       9 |       0 |   0.0
        D:5 |     691 |    1024 |  59.7 |      21 |       7 |  25.0
        D:6 |    1082 |     401 |  27.0 |      21 |       2 |   8.7
        D:7 |     116 |     749 |  86.6 |       4 |       2 |  33.3
        D:8 |    3113 |     185 |   5.6 |      22 |      10 |  31.2
        D:9 |    1074 |     770 |  41.8 |      27 |       4 |  12.9
       D:10 |    2822 |    3387 |  54.5 |      24 |      36 |  60.0
       D:11 |    3694 |    1920 |  34.2 |      40 |       2 |   4.8
     Lair:1 |    1239 |    1070 |  46.3 |       9 |       4 |  30.8
            +---------+---------+-------+---------+---------+-------
